 Dungeon Crawl Stone Soup version 0.27.0-66-gdc8fb28755 (webtiles) character file.

Game seed: 5962827766377189736

46 BOMJPIETVODKU the Ruffian (level 3, -5/29 HPs)
             Began as a Draconian Transmuter on Aug 20, 2021.
             Slain by a gnoll (8 damage)
             ... on level 3 of the Dungeon.
             The game lasted 00:04:50 (1905 turns).

BOMJPIETVODKU the Ruffian (Draconian Transmuter)    Turns: 1905, Time: 00:04:51

Health: -5/29      AC:  7    Str: 12    XL:     3   Next: 46%
Magic:  5/6        EV: 12    Int: 14    God:
Gold:   94         SH:  0    Dex: 11    Spells: 5/6 levels left

rFire    . . .     SeeInvis .     - Unarmed
rCold    . . .     Faith    .   (no shield)
rNeg     . . .     Spirit   .   (armour unavailable)
rPois    .         Reflect  .   (helmet currently unavailable)
rElec    .         Harm     .   k - +1 cloak
rCorr    .         Rampage  .   (no gloves)
Will     .....                  (boots currently unavailable)
Stlth    +.........             (no amulet)
HPRegen  0.09/turn              (no ring)
MPRegen  0.10/turn              (no ring)

@: appendages
A: horns 2, talons 2, AC +5, unfitting armour, cold-blooded
a: End Transformation


You were on level 3 of the Dungeon.
You had temporarily grown beastly horns and talons.
You visited 1 branch of the dungeon, and saw 3 of its levels.

You collected 130 gold pieces.
You spent 36 gold pieces at shops.

Inventory:

Armour
 k - a +1 cloak (worn)
Scrolls
 a - a scroll of enchant armour
 b - 2 scrolls of teleportation
 d - a scroll of enchant weapon
 i - a scroll of fog
Potions
 c - a potion of curing {unknown}
 e - 2 potions of heal wounds
 j - a potion of attraction {unknown}


   Skills:
 * Level 1.7 Fighting
 - Level 1.7 Dodging
 + Level 0.4 Stealth
 + Level 3.8 Unarmed Combat
 + Level 2.2 Spellcasting
 + Level 2.2 Transmutations


You had 5 spell levels left.
You knew the following spells:

 Your Spells              Type           Power      Damage    Failure   Level
a - Beastly Appendage     Tmut           14%        N/A       9%          1

Your spell library contained the following spells:

 Spells                   Type           Power      Damage    Failure   Level
 Wereblood                Tmut           7%         N/A       14%         2
 Foxfire                  Conj/Fire      4%         2x1d4     24%         1
 Spider Form              Tmut/Pois      2%         N/A       41%         3
 Conjure Flame            Conj/Fire      1%         6-21      56%         3
 Inner Flame              Hex/Fire       1%         N/A       56%         3
 Ice Form                 Ice/Tmut       4%         N/A       82%         4


Dungeon Overview and Level Annotations

Branches:
Dungeon (3/15)

Altars:

Shops:
D:3 ?


Innate Abilities, Weirdness & Mutations

You have temporarily grown beastly horns and talons.
Your plain brown scales are hard. (AC +5)
You cannot fit into any form of body armour.
You are cold-blooded and may be slowed by cold attacks.


Message History

The gnoll closely misses you. The gnoll hits you with a +0 spear.
You hit the gnoll. You claw the gnoll.
The gnoll is heavily wounded.
The gnoll barely misses you. x3
You hit the gnoll but do no damage. Your headbutt misses the gnoll.
The gnoll is heavily wounded.
The gnoll barely misses you. The gnoll hits you with a +0 flail.
The gnoll hits you with a +0 spear.
You barely miss the gnoll. You claw the gnoll.
The gnoll is almost dead.
The gnoll closely misses you. The gnoll hits you with a +0 flail.
You hit the gnoll.
You kill the gnoll!
The gnoll completely misses you. The gnoll misses you.
Your transformation is almost over.
Things that are here:
a +0 spear; a gnoll corpse You see here a rat corpse.
The gnoll hits you with a +0 club.
A bullfrog skeleton comes into view.
Casting: Beastly Appendage (safe; 9% risk of failure)
Confirm with . or Enter, or press ? or * to list all spells.
You extend your transformation's duration.
The gnoll hits you with a +0 club.
* * * LOW HITPOINT WARNING * * *
You barely miss the gnoll. You claw the gnoll.
The gnoll is moderately wounded.
The gnoll hits you with a +0 club.
* * * LOW HITPOINT WARNING * * *
You barely miss the gnoll. Your kick misses the gnoll.
The gnoll is moderately wounded.
The gnoll closely misses you.
You closely miss the gnoll. Your kick misses the gnoll.
The gnoll is moderately wounded.
The bullfrog skeleton hits you but does no damage.
You hit the gnoll but do no damage.
The gnoll is moderately wounded.
The gnoll hits you with a +0 club!
You die...

#....##..## .#
######......# .#
<.#......#####
....#.#......#
#.....##.###.#
#............### .
####....####...#..
#####.#...§......<
#.Z@gg...≈.≈......
#..###.#.≈...≈.#
#...####..≈.†∩..≈#
...###......§§.§≈.#
.# #..##.#..≈.≈..#
####.#.†.#..§§...#
#....#.###.#...§...
.# #.)# #.#........
#.## #.........$.


You could see 2 gnolls and a bullfrog skeleton.

Vanquished Creatures
  A gnoll (D:3)
  A dart slug (D:1)
  5 endoplasms
  A goblin (D:1)
  4 kobolds
  A quokka (D:1)
  6 ball pythons
  6 bats
  3 frilled lizards
  8 rats
36 creatures vanquished.

Notes
Turn   | Place    | Note
-------+----------+-------------------------------------------
     0 | D:1      | BOMJPIETVODKU the Draconian Transmuter began the quest for
                  | the Orb.
     0 | D:1      | Reached XP level 1. HP: 16/16 MP: 3/3
   242 | D:1      | Found a faded altar of an unknown god.
   318 | D:1      | Reached XP level 2. HP: 19/23 MP: 3/5
  1567 | D:2      | Reached XP level 3. HP: 28/28 MP: 4/6
  1857 | D:3      | Found Fuekh's Magic Scroll Shop.
  1870 | D:3      | Bought a scroll of teleportation for 36 gold pieces
  1905 | D:3      | Slain by a gnoll

Illustrated notes

Levels and vault maps discovered:
D:1:      minmay_arrival_nine_rooms, layout_loops_ring, basic_ecumenical_altar,
          minmay_misc_feat_room
D:2:      layout_basic
D:3:      layout_rooms, okawaru_altar_gauntlet_db, serial_shops,
          nicolae_diamond_shop

Action                   || total
-------------------------++-------
Melee: Unarmed           ||    72
       Kick              ||    13
       Tailslap          ||     6
       Headbutt          ||     6
 Cast: Beastly Appendage ||    32
  Use: Scroll            ||     7
Armor: Skin              ||    25
Dodge: Dodged            ||    53
